 Dungeon Crawl Stone Soup version 0.29.0-4-gdea44cf6ec (webtiles) character file.

Game seed: 4109053347900827656

1491 qw the Cleaver (level 8, -3/76 HPs)
             Began as a Gargoyle Berserker on Sept 8, 2022.
             Was a Priest of Trog.
             Slain by a rust devil (10 damage)
             ... on level 5 of the Dungeon.
             The game lasted 00:02:20 (6971 turns).

qw the Cleaver (Gargoyle Berserker)                 Turns: 6971, Time: 00:02:20

Health: -3/76      AC:  3    Str: 23    XL:     8   Next: 80%
Magic:  8/8        EV:  8    Int:  8    God:    Trog [***...]
Gold:   299        SH:  0    Dex:  9    Spells: 7/7 levels left

rFire   . . .      SeeInvis .   Y - +0 hand axe
rCold   . . .      Faith    .   (no shield)
rNeg    + . .      Spirit   .   l - +0 chain mail
rPois   inf        Reflect  .   g - +2 helmet
rElec   +          Harm     .   q - +0 cloak
rCorr   .          Rampage  .   (no gloves)
Will    .....                   (no boots)
Stlth   ..........              d - amulet of regeneration
HPRegen 1.02/turn               (no ring)
MPRegen 0.11/turn               (no ring)

@: berserking (expiring), corroded, very quick
A: sickness immunity, AC +5, negative energy resistance 1, electricity
resistance, torment resistance 1, petrification resistance
a: Renounce Religion, Berserk, Trog's Hand


You were on level 5 of the Dungeon.
You worshipped Trog.
Trog was most pleased with you.
You visited 1 branch of the dungeon, and saw 6 of its levels.

You collected 299 gold pieces.


Innate Abilities, Weirdness & Mutations

You are immune to sickness and miasma.
Your stone body is resilient. (AC +5)
You are immune to poison.
You resist negative energy. (rN+)
You are resistant to electric shocks. (rElec)
You are resistant to unholy torment.
You are immune to petrification.


   Skills:
 - Level 6.3 Fighting
 + Level 8.1 Axes
 - Level 2.3 Throwing
 - Level 4.2 Armour
 - Level 1.5 Dodging


You had 7 spell levels left.
You didn't know any spells.
Your spell library was empty.

Inventory:

Hand Weapons
 e - a +0 flail
 Y - a +0 hand axe (weapon)
Armour
 g - a +2 helmet (worn)
 l - a +0 chain mail (worn)
 q - a +0 cloak (worn)
Jewellery
 d - an amulet of regeneration (around neck)
Scrolls
 a - a scroll of identify
 n - a scroll of teleportation
Potions
 b - a potion of haste
 c - 2 potions of curing
 f - a potion of might
 i - 2 potions of heal wounds
 k - a potion of mutation
 o - a potion of berserk rage {unknown}
 p - a potion of resistance {unknown}

Dungeon Overview and Level Annotations

Branches:
Dungeon (6/15)
 Temple: D:4-7

Altars:
Cheibriados
Qazlal

Annotations:
D:4 1 runed translucent door, Crazy Yiuf
D:5 3 runed translucent doors, qw's ghost, novice BaCK
D:6 3 runed translucent doors, qw's ghost, novice DsCA


Message History

The orc warrior hits you with a +2 war axe of electrocution!
You hit the orc warrior.
The orc warrior is lightly wounded.
You hit the orc warrior but do no damage.
You slash the orc warrior!
The orc warrior is severely wounded.
You hit the orc warrior but do no damage.
The orc warrior hits you with a +0 long sword!
The orc warrior hits you with a +2 war axe of electrocution!
You slash the orc warrior!
You kill the orc warrior!
Trog accepts your kill.
You barely miss the orc warrior.
Your Fighting skill increases to level 6!
You barely miss the orc warrior.
The orc warrior hits you with a +0 long sword.
You slash the rust devil!
The rust devil is moderately wounded.
You closely miss the orc warrior.
The orc warrior hits you but does no damage.
The rust devil hits you. The rust devil corrodes you!
You hit the rust devil but do no damage.
The rust devil is moderately wounded.
You slash the orc warrior!
You hit the rust devil but do no damage.
You hit the rust devil but do no damage.
The rust devil is moderately wounded.
You hit the orc warrior. You hit the rust devil.
The orc warrior hits you with a +0 long sword!
The rust devil hits you. The rust devil corrodes you! The rust devil hits you.
The rust devil corrodes you!
You hit the rust devil.
The rust devil is heavily wounded.
You closely miss the rust devil. You closely miss the orc warrior.
You closely miss the rust devil.
The rust devil is heavily wounded.
You barely miss the orc warrior. You closely miss the rust devil.
The orc warrior hits you with a +0 long sword!
The rust devil hits you. The rust devil corrodes you! The rust devil hits you!
You die...

.....#####............#.......'..
.........#......#...#.#.......##.
.........#............#.......##.
##############...[..#######....#.
..#.#.. ##...........#####..
##..?$.## ##.....#####.# ##)).
#.......# ###.........##.###....
##..Z..## ##...###...#.....#^..^.
#..ZZZZ.# #..###@###......##.^...
###+++#####.##744o7##.#.#....^..^
#...[.# #..#).....)#...#..#.^^..
#.....# #.###.....###..#..#^....
###.### #.# +..8..+ #..#..##.^.^
#.# #.###.....###..#..###... #.##
#..#).....(#......# ##..
#..#####.##7...7##.....######.
##...###..### ###......#......


You could see 2 rust devils and an orc warrior.

Vanquished Creatures
  A water moccasin (D:6)
  An ice beast (D:6)
  An orc warrior (D:5)
  2 black bears
  An ogre (D:5)
  2 centaurs (D:6)
  A kobold brigand (D:6)
  A necrophage (D:5)
  A howler monkey (D:5)
  A jelly (D:5)
  6 hounds
  An orc priest (D:5)
  Jessica (D:3)
  An iguana (D:5)
  3 orc wizards
  A mummy (D:6)
  Robin (D:2)
  A gnoll (D:1)
  5 adders
  A white imp (D:6)
  11 worms
  5 dart slugs
  11 orcs
  4 bats
  6 endoplasms
  3 giant cockroaches
  17 goblins
  6 hobgoblins
  8 jackals (D:2)
  2 quokkas (D:2)
  8 ball pythons
  3 frilled lizards
  11 kobolds
  8 rats
136 creatures vanquished.

Notes
Turn   | Place    | Note
-------+----------+-------------------------------------------
     0 | D:1      | qw the Gargoyle Berserker began the quest for the Orb.
     0 | D:1      | Reached XP level 1. HP: 14/14 MP: 1/1
     0 | D:1      | 0 ||| qw: Version: 0.1-a-111-g1c1fd2e
     0 | D:1      | 0 ||| qw: Game counter: 6631
     0 | D:1      | 0 ||| qw: Always use a shield: true
     0 | D:1      | 0 ||| qw: Do Orc after D:15 true
     0 | D:1      | 0 ||| qw: Do second Lair branch before Depths: true
     0 | D:1      | 0 ||| qw: Lair rune preference: random
     0 | D:1      | 0 ||| qw: Plans: Normal
     0 | D:1      | 0 ||| PLANNING D:1-11
    61 | D:1      | 61 ||| Stepping ~*~*~tactically~*~*~ (stealth).
    66 | D:1      | Reached skill level 3 in Axes
   250 | D:1      | 250 ||| Stepping ~*~*~tactically~*~*~ (hiding).
   263 | D:1      | Reached skill level 1 in Throwing
   263 | D:1      | Reached XP level 2. HP: 19/19 MP: 2/2
   297 | D:1      | Found a faded altar of an unknown god.
   531 | D:1      | 531 ||| Stepping ~*~*~tactically~*~*~ (stealth).
   533 | D:1      | 533 ||| Stepping ~*~*~tactically~*~*~ (stealth).
   711 | D:1      | Reached XP level 3. HP: 23/23 MP: 3/3
   725 | D:1      | 725 ||| INVOKING Berserk.
  1035 | D:1      | 1035 ||| Stepping ~*~*~tactically~*~*~ (hiding).
  1108 | D:1      | 1108 ||| INVOKING Berserk.
  1284 | D:1      | 1284 ||| UPGRADING to +0 ring mail.
  1294 | D:1      | 1294 ||| DROPPING +0 animal skin.
  1295 | D:1      | 1295 ||| READING 2 scrolls labelled NUORRE MOWKIKHLA.
  1433 | D:2      | Reached skill level 4 in Axes
  1493 | D:2      | Reached ** piety under Trog
  1514 | D:2      | 1514 ||| Stepping ~*~*~tactically~*~*~ (stealth).
  1538 | D:2      | Reached XP level 4. HP: 22/28 MP: 4/4
  1654 | D:2      | 1654 ||| Stepping ~*~*~tactically~*~*~ (stealth).
  1932 | D:2      | 1932 ||| Stepping ~*~*~tactically~*~*~ (stealth).
  1933 | D:2      | 1933 ||| Stepping ~*~*~tactically~*~*~ (stealth).
  1944 | D:2      | 1944 ||| Stepping ~*~*~tactically~*~*~ (stealth).
  1947 | D:2      | Noticed Robin
  1948 | D:2      | 1948 ||| Stepping ~*~*~tactically~*~*~ (stealth).
  1951 | D:2      | 1951 ||| Stepping ~*~*~tactically~*~*~ (stealth).
  1958 | D:2      | 1958 ||| FLEEEEING.
  1959 | D:2      | 1959 ||| FLEEEEING.
  1960 | D:2      | 1960 ||| STAIRDANCE
  1996 | D:1      | 1996 ||| READING scroll labelled AXTIFIDGHANN.
  2001 | D:1      | 2001 ||| READING 2 scrolls of identify.
  2001 | D:1      | 2001 ||| IDENTIFYING amethyst potion
  2072 | D:2      | 2072 ||| Stepping ~*~*~tactically~*~*~ (hiding).
  2074 | D:2      | 2074 ||| Stepping ~*~*~tactically~*~*~ (hiding).
  2076 | D:2      | 2076 ||| Stepping ~*~*~tactically~*~*~ (hiding).
  2291 | D:2      | 2291 ||| Stepping ~*~*~tactically~*~*~ (hiding).
  2296 | D:2      | 2296 ||| INVOKING Berserk.
  2297 | D:2      | 2297 ||| INVOKING Berserk.
  2299 | D:2      | Killed Robin
  2312 | D:2      | 2312 ||| Stepping ~*~*~tactically~*~*~ (stealth).
  2324 | D:2      | 2324 ||| Stepping ~*~*~tactically~*~*~ (stealth).
  2328 | D:2      | 2328 ||| Stepping ~*~*~tactically~*~*~ (stealth).
  2332 | D:2      | 2332 ||| Stepping ~*~*~tactically~*~*~ (stealth).
  2582 | D:2      | 2582 ||| UPGRADING to +0 helmet.
  2587 | D:2      | 2587 ||| READING scroll labelled QOKLIT HEOLUW.
  2588 | D:2      | 2588 ||| DRINKING 2 lumpy cyan potions.
  2589 | D:2      | 2589 ||| READING 2 scrolls of identify.
  2589 | D:2      | 2589 ||| IDENTIFYING viscous ruby potion
  2616 | D:3      | Noticed Jessica
  2622 | D:3      | Killed Jessica
  2623 | D:3      | Reached skill level 5 in Axes
  2623 | D:3      | Reached XP level 5. HP: 31/32 MP: 5/5
  2717 | D:3      | 2717 ||| Stepping ~*~*~tactically~*~*~ (stealth).
  2718 | D:3      | 2718 ||| Stepping ~*~*~tactically~*~*~ (stealth).
  2719 | D:3      | 2719 ||| DROPPING +0 club.
  2722 | D:3      | 2722 ||| Stepping ~*~*~tactically~*~*~ (stealth).
  2723 | D:3      | 2723 ||| Stepping ~*~*~tactically~*~*~ (stealth).
  2734 | D:3      | 2734 ||| Stepping ~*~*~tactically~*~*~ (stealth).
  2744 | D:3      | 2744 ||| Stepping ~*~*~tactically~*~*~ (stealth).
  3047 | D:3      | Identified the +6 short sword of the Extremes {drain,
                  | rPois}
  3061 | D:3      | 3061 ||| Stepping ~*~*~tactically~*~*~ (stealth).
  3782 | D:3      | 3782 ||| DROPPING +0 mace.
  3807 | D:3      | 3807 ||| UPGRADING to amulet of regeneration.
  3812 | D:3      | 3812 ||| READING scroll labelled ZOHOLODAOTZ.
  3813 | D:3      | 3813 ||| READING scroll labelled CYICOKK LUESIB.
  3814 | D:3      | 3814 ||| READING scroll labelled SEAL VEUKLO.
  3860 | D:4      | 3860 ||| Stepping ~*~*~tactically~*~*~ (hiding).
  3865 | D:4      | 3865 ||| INVOKING Berserk.
  3888 | D:4      | 3888 ||| DRINKING 2 potions of curing.
  3888 | D:4      | 3888 ||| (to cure confusion)
  3905 | D:4      | 3905 ||| INVOKING Berserk.
  4014 | D:4      | 4014 ||| DROPPING +1 whip of draining.
  4175 | D:4      | Noticed a black bear
  4180 | D:4      | 4180 ||| INVOKING Berserk.
  4185 | D:4      | Killed a black bear
  4186 | D:4      | Reached XP level 6. HP: 38/38 MP: 6/6
  4192 | D:4      | Reached skill level 6 in Axes
  4316 | D:4      | Found a stormy altar of Qazlal.
  4636 | D:4      | Found a runed translucent door.
  4637 | D:4      | Noticed Crazy Yiuf
  4730 | D:4      | 4730 ||| UPGRADING to +1 scale mail of willpower.
  4740 | D:4      | 4740 ||| DROPPING +0 ring mail.
  4741 | D:4      | 4741 ||| READING scroll labelled SORAOBEAXY.
  4768 | D:5      | Entered Level 5 of the Dungeon
  4797 | D:5      | 4797 ||| INVOKING Berserk.
  4813 | D:5      | 4813 ||| FLEEEEING.
  4855 | D:5      | 4855 ||| Stepping ~*~*~tactically~*~*~ (stealth).
  4860 | D:5      | 4860 ||| INVOKING Berserk.
  4866 | D:5      | Reached XP level 7. HP: 27/43 MP: 7/7
  5050 | D:5      | 5050 ||| INVOKING Berserk.
  5058 | D:5      | Reached skill level 7 in Axes
  5179 | D:5      | 5179 ||| Stepping ~*~*~tactically~*~*~ (stealth).
  5200 | D:5      | Reached *** piety under Trog
  5236 | D:5      | 5236 ||| Stepping ~*~*~tactically~*~*~ (stealth).
  5240 | D:5      | 5240 ||| Stepping ~*~*~tactically~*~*~ (stealth).
  5253 | D:5      | 5253 ||| Stepping ~*~*~tactically~*~*~ (stealth).
  5257 | D:5      | 5257 ||| Stepping ~*~*~tactically~*~*~ (stealth).
  5273 | D:5      | 5273 ||| Stepping ~*~*~tactically~*~*~ (hiding).
  5286 | D:5      | 5286 ||| INVOKING Berserk.
  5413 | D:5      | 5413 ||| READING scroll of enchant armour.
  5413 | D:5      | 5413 ||| ENCHANTING +0 helmet.
  5445 | D:5      | Reached XP level 8. HP: 49/49 MP: 8/8
  5540 | D:5      | 5540 ||| Stepping ~*~*~tactically~*~*~ (hiding).
  5588 | D:5      | 5588 ||| READING scroll of enchant armour.
  5588 | D:5      | 5588 ||| ENCHANTING +1 helmet.
  5736 | D:5      | Found a runed translucent gate.
  5736 | D:5      | Found a runed translucent gate.
  5738 | D:5      | Found a runed translucent gate.
  5742 | D:5      | Noticed qw's ghost (novice BaCK)
  5864 | D:5      | 5864 ||| UPGRADING to +0 chain mail.
  5874 | D:5      | 5874 ||| DROPPING +1 scale mail of willpower.
  5875 | D:5      | 5875 ||| UPGRADING to +0 cloak.
  5931 | D:6      | Reached skill level 3 in Armour
  6041 | D:6      | Reached skill level 8 in Axes
  6100 | D:6      | Found a snail-covered altar of Cheibriados.
  6245 | D:6      | Found a runed translucent gate.
  6245 | D:6      | Found a runed translucent gate.
  6245 | D:6      | Found a runed translucent gate.
  6248 | D:6      | Noticed qw's ghost (novice DsCA)
  6907 | D:6      | 6907 ||| READING scroll labelled XAIZUSS SEME.
  6908 | D:6      | 6908 ||| READING scroll labelled UGOPHU VUDD.
  6909 | D:6      | 6909 ||| READING 4 scrolls of identify.
  6909 | D:6      | 6909 ||| IDENTIFYING white potion
  6910 | D:6      | 6910 ||| READING 3 scrolls of identify.
  6910 | D:6      | 6910 ||| IDENTIFYING lumpy inky potion
  6911 | D:6      | 6911 ||| READING 2 scrolls of identify.
  6911 | D:6      | 6911 ||| IDENTIFYING silvery potion
  6912 | D:6      | 6912 ||| DROPPING potion of magic.
  6960 | D:5      | Noticed a rust devil
  6960 | D:5      | Noticed a rust devil
  6962 | D:5      | 6962 ||| INVOKING Berserk.
  6966 | D:5      | Reached skill level 6 in Fighting
  6969 | D:5      | HP: 13/76 [orc warrior/+0 long sword (15)]
  6971 | D:5      | Slain by a rust devil

Levels and vault maps discovered:
D:1:      dpeg_arrival_tiny_g, layout_loops_cross,
          hellmonk_ecumenical_altar_defaced_shrine
D:2:      layout_loops_ring, uniq_robin
D:3:      layout_basic, uniq_jessica
D:4:      layout_rooms, grunt_qazlal_sundering, kennysheep_doodads,
          uniq_crazy_yiuf_cottage
D:5:      cheibrodos_iron_armory, layout_basic, gammafunk_ghost_necromancy,
          nicolae_wormholes
D:6:      layout_cave_pods, slow_altar_1, biasface_ghost_orc_armoury

Skill      XL: |  1  2  3  4  5  6  7  8 |
---------------+-------------------------+-----
Axes           | 3 4 5 6 7 8 |  8.1
Throwing       | 1 2 |  2.3
Fighting       | 4 5 6 |  6.3
Armour         | 4 |  4.2
Dodging        | |  1.5

Action                   |  1- 3 |  4- 6 |  7- 9 || total
-------------------------+-------+-------+-------++-------
Melee: Hand axe          |   113 |   186 |   207 ||   506
       Punch             |       |     1 |     3 ||     4
Throw: Javelin           |    26 |    15 |    12 ||    53
Invok: Berserk           |     2 |     6 |     3 ||    11
  Use: Scroll            |     1 |     8 |     7 ||    16
       Potion            |       |     2 |       ||     2
Armor: Animal skin       |    20 |       |       ||    20
       Ring mail         |    18 |    80 |       ||    98
       Scale mail        |       |     1 |    35 ||    36
       Chain mail        |       |       |    79 ||    79
Dodge: Dodged            |    65 |    92 |    77 ||   234

Table legend:
 A = Non-vault XP
 B = Vault XP
 C = Vault XP percentage of total XP
 D = Non-vault monster count
 E = Vault monster count
 F = Vault count percentage of total count
                 A         B        C        D         E       F
            +---------+---------+-------+---------+---------+-------
      Total |    1867 |     263 |  12.3 |     112 |      24 |  17.6
            +---------+---------+-------+---------+---------+-------
        D:1 |      53 |       9 |  14.5 |      23 |       3 |  11.5
        D:2 |      53 |      33 |  38.4 |      27 |      12 |  30.8
        D:3 |      26 |      37 |  58.7 |      12 |       1 |   7.7
        D:4 |     292 |       0 |   0.0 |      15 |       0 |   0.0
        D:5 |     742 |     166 |  18.3 |      18 |       7 |  28.0
        D:6 |     701 |      18 |   2.5 |      17 |       1 |   5.6
            +---------+---------+-------+---------+---------+-------
